 Dungeon Crawl Stone Soup version 0.27-a0-170-g607d9e9d85 (webtiles) character file.

Game seed: 5068161365648818618

5468 kae the Grappler (level 10, -6/151 HPs)
             Began as a Yellow Draconian Transmuter on Jan 28, 2021.
             Was an Initiate of Ru.
             Mangled by a manticore (7 damage)
             ... on level 11 of the Dungeon.
             The game lasted 00:07:25 (11657 turns).

kae the Grappler (Yellow Draconian Transmuter)     Turns: 11657, Time: 00:07:26

Health: -6/151     AC:  6    Str: 16    XL:     10   Next: 41%
Magic:  9/16       EV: 12    Int: 13    God:    Ru [......]
Gold:   504        SH:  0    Dex: 12    Spells: 7/20 levels left

rFire    x . .     SeeInvis .     - Unarmed
rCold    + + +     Faith    .   (shield currently unavailable)
rNeg     . . .     Spirit   .   (armour unavailable)
rPois    +         Reflect  .   (helmet currently unavailable)
rElec    .         Harm     .   (cloak currently unavailable)
rCorr    .         Rampage  .   (gloves currently unavailable)
Will     .....                  (boots currently unavailable)
Stlth    ..........             (no amulet)
HPRegen  0.35/turn              q - ring of wizardry
MPRegen  0.15/turn              s - ring of protection from cold

@: berserking, ice-form, very slightly contaminated, very quick
A: large, (spit acid), unfitting armour, low mp 1, AC +7
a: End Transformation, Renounce Religion


You were on level 11 of the Dungeon.
You worshipped Ru.
Ru was noncommittal.
You were a creature of crystalline ice.
You visited 2 branches of the dungeon, and saw 10 of its levels.
You also visited: Sewer.

You collected 504 gold pieces.

Inventory:

Jewellery
 f - an uncursed ring of ice
 q - a ring of wizardry (left front paw)
 s - a ring of protection from cold (right front paw)
Wands
 h - a wand of iceblast (9)
 t - a wand of flame (14)
Scrolls
 a - a scroll of magic mapping
 b - 6 scrolls of remove curse
 c - 2 scrolls of teleportation
 g - 5 scrolls of identify
 i - 4 scrolls of amnesia
 n - 4 scrolls of blinking
 o - 2 scrolls of fog
 r - a scroll of enchant armour
Potions
 e - 2 potions of lignification
 j - 3 potions of brilliance
 k - 7 potions of might
 l - 7 potions of heal wounds
 m - 6 potions of flight
 p - 8 potions of curing
 u - a potion of degeneration {unknown}
 v - a potion of ambrosia {unknown}


   Skills:
 + Level 6.5 Fighting
 + Level 5.9 Dodging
 * Level 9.2 Unarmed Combat
 + Level 5.8 Spellcasting
 + Level 6.3 Transmutations
 - Level 3.0 Ice Magic
 - Level 3.0 Poison Magic


You had 7 spell levels left.
You knew the following spells:

 Your Spells              Type           Power        Failure   Level
a - Beastly Appendage     Tmut           40%          1%          1
b - Spider Form           Tmut/Pois      8%           3%          3
c - Ice Form              Ice/Tmut       16%          11%         4
d - Blade Hands           Tmut           10%          14%         5

Your spell library contained the following spells:

 Spells                   Type           Power        Failure   Level
 Wereblood                Tmut           20%          1%          2


Dungeon Overview and Level Annotations

Branches:
Dungeon (8/15)             Temple (1/1) D:7           Sewer (visited)
   Lair: D:8-11

Altars:
Ashenzari
Cheibriados
Dithmenos
Elyvilon
Fedhas
Gozag
Hepliaklqana
Kikubaaqudgha
Makhleb
Okawaru
Qazlal
Ru
Sif Muna
Trog
Uskayaw
Vehumet
Wu Jian
Xom
Yredelemnul
Zin
The Shining One

Shops:
D:4 [   D:6 *

Portals:
Ice
Cave: D:11

Annotations:
D:2 1 runed translucent door


Innate Abilities, Weirdness & Mutations

((You can spit globs of acid.))
((Your golden yellow scales are hard. (AC +7)))
You cannot fit into any form of body armour.
Your magical capacity is low. (-10% MP)
((You are cold-blooded and may be slowed by cold attacks.))
((You are resistant to acid. (rCorr)))


Message History

You turn into a creature of crystalline ice.
The ogre barely misses you. The manticore misses you.
The manticore claws you but does no damage.
The manticore claws you. The manticore bites you! The manticore claws you!
The manticore completely misses you.
The ogre hits you with a +0 giant spiked club!!
A red film seems to cover your vision as you go berserk!
You feel yourself moving faster!
You feel mighty! The manticore bites you!!
* * * LOW HITPOINT WARNING * * *
The manticore claws you!
* * * LOW HITPOINT WARNING * * *
The manticore claws you.
* * * LOW HITPOINT WARNING * * *
You pummel the manticore!! You freeze the manticore!
The manticore is severely wounded.
The ogre hits you with a +0 giant spiked club!
* * * LOW HITPOINT WARNING * * *
The manticore bites you!
You die...

...# ..# ..# ..# .
###.# .
..########...# #.##
#.......#.#.##....#
#....H.........#
#!....Y.#.∩.#..#
#.....O.......!#
+.......#.#....#
#.......#...####
#.......##.+#
#........ ..
#......!!....
#.............
#..............


You could see a manticore and an ogre.

Vanquished Creatures
  Erica (D:8)
  Pikel (D:7)
  Sigmund (D:5)
  A wyvern (D:7)
  Menkaure (D:7)
  A water moccasin (D:5)
  Edmund (D:5)
  Duvessa (D:7)
  An orc warrior (D:5)
  3 ice beasts
  4 sky beasts
  A phantom (D:4)
  4 ogres
  3 centaurs
  2 lemures (D:7)
  2 big kobolds
  3 bullfrogs
  A gnoll sergeant (D:7)
  Dowan (D:7)
  8 wights
  4 howler monkeys
  2 bullfrog zombies (D:6)
  A quasit (D:3)
  A centaur skeleton (D:4)
  A jelly (D:5)
  5 bullfrog skeletons
  3 hounds
  4 orc priests
  2 iguanas (D:4)
  3 orc wizards
  5 worker ants
  A hound zombie (D:8)
  A hound skeleton (D:6)
  A worker ant zombie (D:7)
  Robin (D:4)
  10 adders
  7 gnolls
  2 howler monkey skeletons
  6 river rats (Sewer)
  A shadow imp (D:6)
  2 white imps
  3 ufetubi
  2 oozes
  An adder skeleton (D:7)
  A worm (D:5)
  A dart slug (D:2)
  6 leopard geckos
  17 orcs
  7 ball pythons
  6 bats
  7 giant cockroaches
  17 goblins
  6 hobgoblins
  7 jackals
  27 kobolds
  5 quokkas
  5 frilled lizards
  A goblin skeleton (D:2)
  A leopard gecko skeleton (D:5)
  A leopard gecko zombie (D:7)
  2 quokka skeletons
  23 rats
250 creatures vanquished.

Vanquished Creatures (others)
  6 plants (D:7)
6 creatures vanquished.

Grand Total: 256 creatures vanquished

Notes
Turn   | Place    | Note
-------+----------+-------------------------------------------
     0 | D:1      | kae the Draconian Transmuter began the quest for the Orb.
     0 | D:1      | Reached XP level 1. HP: 16/16 MP: 3/3
   222 | D:1      | Reached XP level 2. HP: 17/23 MP: 3/5
   680 | D:1      | Reached XP level 3. HP: 29/29 MP: 4/6
  1369 | D:2      | Learned a level 3 spell: Spider Form
  1817 | D:2      | Found a runed translucent door.
  1817 | D:2      | Noticed a human
  1818 | D:2      | Found a basalt altar of Yredelemnul.
  1944 | D:2      | Found a faded altar of an unknown god.
  2027 | D:3      | Reached XP level 4. HP: 36/36 MP: 3/7
  2032 | D:3      | Reached skill level 1 in Poison Magic
  2535 | D:3      | Found an ancient bone altar of Kikubaaqudgha.
  2538 | D:3      | Found a hazy altar of Hepliaklqana.
  2538 | D:3      | Found a bloodstained altar of Trog.
  2551 | D:3      | Found a stormy altar of Qazlal.
  3235 | D:4      | Reached XP level 5. HP: 41/41 MP: 6/8
  3286 | D:4      | Reached skill level 4 in Unarmed Combat
  3699 | D:4      | Noticed an ogre
  3707 | D:4      | Killed an ogre
  3708 | D:4      | Reached XP level 6. HP: 31/50 MP: 6/10
  4346 | D:4      | Found Bijexun's Armour Boutique.
  4384 | D:4      | Identified the cursed +0 helmet "Wocif" {+Fly rElec Dex+4
                  | Stlth-}
  4384 | D:4      | Noticed Robin
  4393 | D:4      | Killed Robin
  5064 | D:4      | Reached skill level 5 in Unarmed Combat
  5064 | D:4      | Your scales start taking on a golden yellow colour.
  5064 | D:4      | Reached XP level 7. HP: 52/57 MP: 7/11
  5064 | D:4      | Gained mutation: You are resistant to acid. (rCorr) [Yellow
                  | Draconian growth]
  5290 | D:5      | Entered Level 5 of the Dungeon
  6097 | D:5      | Noticed Edmund
  6116 | D:5      | Killed Edmund
  6117 | D:5      | Reached XP level 8. HP: 51/66 MP: 11/13
  6222 | D:5      | Reached skill level 6 in Unarmed Combat
  6767 | D:5      | Noticed Sigmund
  6778 | D:5      | Killed Sigmund
  6903 | D:6      | Found Zin's Purification Station.
  6925 | D:6      | Found a glowing silver altar of Zin.
  7090 | D:6      | Reached skill level 7 in Unarmed Combat
  7125 | D:6      | Found a glowing drain.
  7155 | Sewer    | Entered a sewer
  7265 | Sewer    | Reached XP level 9. HP: 69/73 MP: 13/15
  7270 | Sewer    | Learned a level 4 spell: Ice Form
  7463 | Sewer    | Reached skill level 5 in Fighting
  7769 | Sewer    | Reached skill level 5 in Transmutations
  8033 | D:6      | Reached skill level 1 in Ice Magic
  8837 | D:7      | Noticed Duvessa
  8837 | D:7      | Noticed Dowan
  8849 | D:7      | Killed Duvessa
  9018 | D:7      | Killed Dowan
  9147 | D:7      | Reached skill level 5 in Dodging
  9405 | D:7      | Found a staircase to the Ecumenical Temple.
  9419 | D:7      | Reached skill level 8 in Unarmed Combat
  9419 | D:7      | Reached skill level 5 in Spellcasting
  9429 | Temple   | Entered the Ecumenical Temple
  9669 | Temple   | Became a worshipper of Ru the Awakened
  9808 | D:7      | Found a glowing golden altar of the Shining One.
 10143 | D:7      | Noticed Menkaure
 10150 | D:7      | Killed Menkaure
 10190 | D:7      | Noticed Pikel
 10211 | D:7      | Killed Pikel
 10212 | D:7      | Reached XP level 10. HP: 51/83 MP: 15/18
 10624 | D:8      | Noticed Erica
 10640 | D:8      | Killed Erica
 10641 | D:8      | Reached skill level 9 in Unarmed Combat
 11171 | D:8      | Learned a level 5 spell: Blade Hands
 11385 | D:8      | Gained mutation: Your magical capacity is low. (-10% MP)
                  | [Ru sacrifice]
 11434 | D:8      | Found a glowing golden altar of the Shining One.
 11515 | D:8      | Found a snail-covered altar of Cheibriados.
 11645 | D:8      | You fall into a shaft and drop 3 floors!
 11645 | D:11     | Found a frozen archway.
 11648 | D:11     | Noticed a manticore
 11657 | D:11     | HP: 1/151 [ogre/+0 giant spiked club (16)]
 11657 | D:11     | Mangled by a manticore

Illustrated notes

Levels and vault maps discovered:
D:1:      scummos_arrival_checkerplants, layout_basic, nrook_mini_vaults
D:2:      layout_rooms, chequers_ecumenical_altar_grove,
          kennysheep_pointless_box, dk_yredelemnul_ordeal
D:3:      layout_loops_ring, grunt_temple_overflow_open
D:4:      layout_loops_corners, serial_shops, shop, grunt_decor_junction,
          uniq_robin
D:5:      layout_gridville, uniq_edmund, uniq_sigmund
D:6:      layout_gridville, zin_purify, gup_sewer_entry_glass,
          minmay_misc_feat_x
D:7:      layout_basic, tso_metal_star, minmay_temple_entry_steel_oval,
          serial_bayou_crossing, uniq_duvessa, uniq_menkaure, uniq_pikel
D:8:      layout_layer_cave, lemuel_crystal_altar, basic_altar,
          corexii_checkpoint_a, nicolae_sextant, uniq_erica
D:11:     evilmike_iron_armoury, layout_basic, portal_ice_cave_entry_pillars_1,
          uniq_harold
Temple:   eino_temple_lava

Skill      XL: |  1  2  3  4  5  6  7  8  9 10 |
---------------+-------------------------------+-----
Dodging        | 2 3 4 5 |  5.9
Poison Magic   | 1 2 3 |  3.0
Fighting       | 2 3 4 6 |  6.5
Unarmed Combat | 4 5 7 8 9 |  9.2
Transmutations | 3 4 5 6 |  6.3
Spellcasting   | 3 4 5 |  5.8
Ice Magic      | 3 |  3.0

Action                   |  1- 3 |  4- 6 |  7- 9 | 10-12 || total
-------------------------+-------+-------+-------+-------++-------
Melee: Unarmed           |   127 |   180 |   442 |    72 ||   821
       Kick              |    16 |     8 |       |     3 ||    27
       Headbutt          |    12 |     2 |       |     2 ||    16
       Tailslap          |     9 |     3 |     6 |     2 ||    20
       Punch             |       |     1 |     1 |     2 ||     4
 Cast: Beastly Appendage |    24 |    15 |       |     2 ||    41
       Spider Form       |     1 |    13 |    35 |     1 ||    50
       Ice Form          |       |       |    15 |     7 ||    22
Invok: Sacrifice Essence |       |       |       |     1 ||     1
 Abil: Breathe Acid      |       |       |     6 |       ||     6
  Use: Scroll            |     7 |       |    11 |     1 ||    19
       Potion            |       |     2 |     4 |     1 ||     7
 Stab: Sleeping          |       |     1 |       |       ||     1
       Distracted        |       |     1 |       |       ||     1
Armor: Skin              |    43 |    74 |    67 |    19 ||   203
Dodge: Dodged            |   121 |   167 |   324 |    53 ||   665

Table legend: (Time is in decaauts)
 A = Elapsed time spent in this place.
 B = Non-inter-level travel time spent in this place.
 C = Inter-level travel time spent in this place.
 D = Time resting spent in this place.
 E = Time spent auto-exploring this place.
 F = Levels seen in this place.
 G = Mean time per level.
                   A        B        C        D        E       F      G
               +--------+--------+--------+--------+--------+-----+--------+
         Total |  11589 |  11304 |    285 |    754 |   8797 |  11 | 1053.5 |
       Dungeon |  10494 |  10218 |    276 |    754 |   7925 |   9 | 1166.0 |
        Temple |    249 |    241 |      8 |      0 |    231 |   1 |  249.0 |
         Sewer |    844 |    844 |      0 |      0 |    640 |   1 |  844.0 |
               +--------+--------+--------+--------+--------+-----+--------+

Top non-repeatable levels by time:
     D:4: 2133 daAuts
     D:5: 1584 daAuts
     D:7: 1384 daAuts
     D:1: 1346 daAuts
     D:6: 1203 daAuts
     D:3: 1128 daAuts
     D:8: 1044 daAuts
   Sewer: 844 daAuts
     D:2: 658 daAuts
  Temple: 249 daAuts
    D:11: 11 daAuts
